 Dungeon Crawl Stone Soup version 0.28.0 (webtiles) character file.

Game seed: 16065075421415784804

48262 Kaptain the Geomancer (level 14, -1/117 HPs)
             Began as an Octopode Earth Elementalist on Feb 18, 2022.
             Killed from afar by a frost giant (29 damage)
             ... with a bolt of cold
             ... in an ice cave.
             The game lasted 01:32:00 (25554 turns).

Kaptain the Geomancer (OpEE)                       Turns: 25554, Time: 01:32:01

Health: -1/117     AC: 29    Str:  7    XL:     14   Next: 45%
Magic:  16/38      EV: 19    Int: 26    God:
Gold:   736        SH:  5    Dex: 13    Spells: 15/35 levels left

rFire   . . .      SeeInvis .   n - +5 mace of Rupistra {vorpal, Int+4}
rCold   . . .      Faith    .   (no shield)
rNeg    + + .      Spirit   .   L - +2 hat
rPois   ∞          Reflect  +   O - amulet of reflection
rElec   +          Harm     .   a - ring of positive energy
rCorr   .          Rampage  .   p - +4 ring of evasion
Will    +....                   F - ring of magical power
Stlth   +++++.....              V - ring of wizardry
HPRegen 0.29/turn               (no ring)
MPRegen 0.26/turn               (no ring)
                                (no ring)
                                (no ring)

@: statue-form, very slow
A: slow and powerful, torment resistance 1, boosted hp, almost no armour,
amphibious, 8 rings, camouflage 1, (gelatinous body 1), (nimble swimmer 1),
tentacles
a: End Transformation


You were in an ice cave.
You were a living statue of rough stone.
You visited 3 branches of the dungeon, and saw 17 of its levels.
You also visited: Ice Cave.

You collected 1132 gold pieces.
You spent 396 gold pieces at shops.

Inventory:

Hand Weapons
 e - a +2 broad axe of venom
 i - a +3 hunting sling
 n - the +5 mace of Rupistra (weapon) {vorpal, Int+4}
   (You found it on level 3 of the Dungeon)

   It inflicts extra damage upon your enemies.
   Int:       It affects your intelligence (+4).
 H - a +1 shortbow of flaming
 K - a +5 short sword
 R - the +2 whip "Gimeept" {vorpal, rN+ MP+9}
   (You found it on level 10 of the Dungeon)

   It inflicts extra damage upon your enemies.
   rN:        It protects you from negative energy.
   MP:        It affects your magic capacity (+9).
 S - a +5 flail of freezing
Missiles
 b - 268 stones
 o - 152 sling bullets
 I - 183 arrows
 J - 6 poisoned darts (quivered)
Armour
 L - a +2 hat (worn)
Magical Staves
 g - a staff of cold
 s - a staff of earth
 U - a staff of fire
Jewellery
 a - a ring of positive energy (left tentacle)
 p - a +4 ring of evasion (right tentacle)
 C - a ring of fire
 F - a ring of magical power (on tentacle)
 O - an amulet of reflection (around mantle)
 V - a ring of wizardry (on tentacle)
Wands
 j - a wand of iceblast (24)
 l - a wand of acid (10)
 w - a wand of mindburst (26)
 x - a wand of flame (18)
 E - a wand of digging (11)
 G - a wand of paralysis (5)
Scrolls
 k - a scroll of fear
 t - 2 scrolls of immolation
 u - a scroll of identify
 v - 2 scrolls of fog
 y - 4 scrolls of amnesia {unknown}
 z - 9 scrolls of teleportation
 M - a scroll of enchant weapon {unknown}
 N - 2 scrolls of vulnerability {unknown}
 Q - 2 scrolls of blinking
 T - a scroll of brand weapon {unknown}
 W - a scroll of summoning
Potions
 c - 2 potions of might
 d - 8 potions of curing
 f - 2 potions of haste
 h - a potion of magic
 m - 2 potions of invisibility
 q - a potion of flight
 r - a potion of cancellation
 A - 7 potions of heal wounds
 B - 3 potions of mutation
 D - 2 potions of ambrosia
 P - 2 potions of brilliance


   Skills:
 + Level 6.9 Fighting
 + Level 7.3 Dodging
 + Level 10.4 Stealth
 * Level 11.4 Spellcasting
 * Level 9.8 Conjurations
 - Level 9.8 Transmutations
 * Level 12.6 Earth Magic


You had 15 spell levels left.
You knew the following spells:

 Your Spells              Type           Power      Damage    Failure   Level
a - Sandblast             Erth           100%       2d20      0%          1
b - Stone Arrow           Conj/Erth      100%       3d13      1%          3
c - Mephitic Cloud        Conj/Pois/Air  31%        N/A       1%          3
d - Statue Form           Tmut/Erth      43%        N/A       2%          6
e - Lee's Rapid Deconstr  Erth           34%        3d18*     1%          5
f - Blink                 Tloc           28%        N/A       2%          2

Your spell library contained the following spells:

 Spells                   Type           Power      Damage    Failure   Level
 Apportation              Tloc           28%        N/A       1%          1
 Beastly Appendage        Tmut           100%       N/A       1%          1
 Freeze                   Ice            56%        1d7       1%          1
 Magic Dart               Conj           100%       1d8       1%          1
 Passwall                 Tmut/Erth      54%        N/A       1%          2
 Searing Ray              Conj           100%       2d8       1%          2
 Spider Form              Tmut/Pois      40%        N/A       1%          3
 Leda's Liquefaction      Hex/Erth       23%        N/A       1%          4
 Petrify                  Tmut/Erth      65%        N/A       1%          4
 Call Imp                 Summ           14%        N/A       2%          2
 Corpse Rot               Necr/Air       28%        N/A       2%          2
 Ensorcelled Hibernation  Hex/Ice        28%        N/A       2%          2
 Fulminant Prism          Conj/Hex       20%        3d13      2%          4
 Hailstorm                Conj/Ice       40%        3d10      2%          4
 Borgnjor's Vile Clutch   Necr/Erth      23%        N/A       3%          5
 Frozen Ramparts          Ice            28%        1d4       4%          3
 Gell's Gravitas          Tloc           14%        N/A       4%          3
 Lesser Beckoning         Tloc           14%        N/A       4%          3
 Ozocubu's Armour         Ice            14%        N/A       4%          3
 Teleport Other           Tloc           14%        N/A       4%          3
 Tukima's Dance           Hex            14%        N/A       4%          3
 Alistair's Intoxication  Tmut/Pois      26%        N/A       6%          5
 Yara's Violent Unravell  Hex/Tmut       20%        3d9       6%          5
 Anguish                  Hex/Necr       7%         N/A       16%         4
 Animate Dead             Necr           7%         N/A       16%         4
 Dispel Undead            Necr           14%        3d10      16%         4
 Passage of Golubria      Tloc           14%        N/A       16%         4
 Starburst                Conj/Fire      20%        6d7       32%         6
 Manifold Assault         Tloc           14%        N/A       38%         5
 Death Channel            Necr           7%         N/A       91%         6
 Dispersal                Tloc           7%         N/A       91%         6
 Ozocubu's Refrigeration  Ice            7%         4d6       100%        7


Dungeon Overview and Level Annotations

Branches:
Dungeon (10/15)            Temple (1/1) D:5            Lair (6/6) D:10
 Shoals (0/4) Lair:4        Snake (0/4) Lair:3          Orc (0/2) D:9
  IceCv (1/1)
  Slime: Lair:5-6

Altars:
Ashenzari
Cheibriados
Dithmenos
Elyvilon
Fedhas
Gozag
Hepliaklqana
Kikubaaqudgha
Makhleb
Nemelex Xobeh
Okawaru
Qazlal
Ru
Sif Muna
Trog
Uskayaw
Vehumet
Wu Jian
Xom
Yredelemnul
Zin
The Shining One

Shops:
D:6 *   D:7 :

Annotations:
D:3 3 runed translucent doors, Akaron's ghost, amateur OpBr
D:6 2 transporters, FreshCat's ghost, amateur GnAM
Lair:3 2 transporters, Fuxod's ghost, journeyman GnWn


Innate Abilities, Weirdness & Mutations

You are a living statue of rough stone.
Your actions are slow, but your melee attacks are powerful.
You are resistant to unholy torment.
Your maximum health is greatly increased.
You are immune to poison.
You cannot wear most types of armour.
You are amphibious.
You can wear up to eight rings at the same time.
Your skin changes colour to match your surroundings (Stealth+).
((Your rubbery body absorbs attacks. (AC +1, EV +1)))
((You are camouflaged when in or above water. (Stealth+)))
You have tentacles for arms and can constrict up to eight enemies at once.


Message History

You hear an angry growl.
You hear an angry growl.
The frost giant casts a spell at you. The bolt of cold hits you!!
The frost giant casts a spell at you. The bolt of cold hits you!!
You hear an angry growl.
Casting: Lee's Rapid Deconstruction (mildly dangerous; 1% risk of failure)
Confirm with . or Enter, or press ? or * to list all spells.
Aiming: Lee's Rapid Deconstruction (mildly dangerous; 1% risk of failure)
Press: ? - help, Dir - move target An ice covered rock wall.
The wall shatters!
The blast of rock fragments hits the polar bear!
The polar bear is heavily wounded.
The blast of rock fragments hits the frost giant!!
The frost giant is heavily wounded.
The frost giant casts a spell at you. The bolt of cold misses you.
Casting: Lee's Rapid Deconstruction (mildly dangerous; 1% risk of failure)
Confirm with . or Enter, or press ? or * to list all spells.
Aiming: Lee's Rapid Deconstruction (mildly dangerous; 1% risk of failure)
Press: ? - help, Dir - move target An ice covered rock wall.
The wall shatters!
The blast of rock fragments hits the polar bear!!
You kill the polar bear!
The blast of rock fragments hits the polar bear!!
The polar bear is almost dead.
The blast of rock fragments hits the frost giant!!!
The frost giant is almost dead.
The frost giant is no longer covered in acid.
The polar bear goes berserk!
The frost giant casts a spell at you. The bolt of cold hits you!!!
* * * LOW HITPOINT WARNING * * *
You feel much better.
The frost giant gestures at you while chanting.
The bolt of cold hits you!!
You die...

#..##.#.....
#.###.# ...#
##.#.##
#....#
#.#.##
##.### #.##
#.## #.8#
##C# ##h#
#.## #h# #h.
##†Y


hYh #h.. You could see a frost giant, 2 polar bears and a wolf (corroded).

Vanquished Creatures
  Gastronok (Lair:2)
  9 hydras
  2 catoblepae
  3 two-headed ogres
  A centaur warrior (D:8)
  4 death yaks
  Sonja (Lair:5)
  A lindwurm (Lair:5)
  An ugly thing (IceCv)
  A manticore (D:8)
  Maurice (D:8)
  7 black mambas
  A torpor snail (Lair:5)
  7 cane toads
  An ice statue (IceCv)
  2 molten gargoyles (Lair:3)
  Psyche (D:8)
  10 komodo dragons
  2 rime drakes
  4 kobold demonologists (D:9)
  4 hornets
  9 polar bears
  15 blink frogs
  5 dream sheep (Lair:5)
  47 yaks
  A vampire (D:9)
  2 wyverns
  3 basilisks
  Grum (D:8)
  A warg (D:9)
  21 water moccasins
  An ice beast (D:6)
  7 orc warriors
  2 black bears
  3 necrophages
  4 ogres
  3 centaurs
  21 wolves
  2 phantoms
  2 kobold brigands (D:9)
  17 bullfrogs
  4 scorpions
  2 wyvern zombies
  14 wights
  11 killer bees
  An electric eel (Lair:2)
  4 lava snakes (Lair:3)
  A centaur zombie (D:9)
  A centaur skeleton (D:5)
  2 hounds
  A quasit (D:5)
  A gnoll shaman (D:7)
  5 orc priests
  Jessica (D:2)
  3 iguanas
  14 orc wizards
  11 hell rats
  3 killer bee zombies (D:7)
  2 hound zombies (D:5)
  A hound skeleton (D:4)
  8 adders
  3 gnolls (D:7)
  3 shadow imps
  13 white imps
  2 worms (D:4)
  2 dart slugs
  34 orcs
  2 bats (D:1)
  7 endoplasms
  3 giant cockroaches
  5 goblins
  4 hobgoblins
  2 quokkas
  6 ball pythons
  2 frilled lizards
  A goblin skeleton (D:5)
  2 goblin zombies (D:5)
  2 hobgoblin zombies (D:5)
  7 kobolds
  A kobold skeleton (D:5)
  2 kobold zombies (D:5)
  An orc skeleton (D:5)
  2 orc zombies (D:5)
  5 rats
432 creatures vanquished.

Vanquished Creatures (others)
  A bush (Lair:3)
  46 fungi
  109 plants
156 creatures vanquished.

Grand Total: 588 creatures vanquished

Notes
Turn   | Place    | Note
-------+----------+-------------------------------------------
     0 | D:1      | Kaptain the Octopode Earth Elementalist began the quest for
                  | the Orb.
     0 | D:1      | Reached XP level 1. HP: 11/11 MP: 3/3
   182 | D:1      | Reached XP level 2. HP: 18/18 MP: 1/5
   905 | D:2      | Reached XP level 3. HP: 20/22 MP: 3/6
   909 | D:2      | Learned a level 3 spell: Stone Arrow
  1004 | D:2      | Noticed Jessica
  1014 | D:2      | Killed Jessica
  1015 | D:2      | Reached skill level 1 in Fighting
  1089 | D:2      | Reached XP level 4. HP: 28/28 MP: 5/7
  1268 | D:2      | You fall into a shaft and drop 1 floor!
  1381 | D:2      | Learned a level 3 spell: Mephitic Cloud
  1801 | D:3      | Reached skill level 1 in Conjurations
  2137 | D:3      | Identified the +5 mace of Rupistra {vorpal, Int+4}
  2156 | D:3      | Found a faded altar of an unknown god.
  2206 | D:3      | Found a runed translucent gate.
  2206 | D:3      | Found a runed translucent gate.
  2215 | D:3      | Found a runed translucent gate.
  2216 | D:3      | Found an opulent altar of Gozag.
  2217 | D:3      | Noticed Akaron's ghost (amateur OpBr)
  2218 | D:3      | Noticed a scorpion
  2702 | D:4      | Noticed a necrophage
  2711 | D:4      | Reached XP level 5. HP: 17/33 MP: 3/9
  2895 | D:4      | Noticed an ogre
  3146 | D:4      | Reached skill level 4 in Earth Magic
  3386 | D:4      | Reached XP level 6. HP: 38/38 MP: 3/10
  3439 | D:4      | Killed a necrophage
  3827 | D:4      | Reached XP level 7. HP: 39/45 MP: 2/12
  4204 | D:5      | Entered Level 5 of the Dungeon
  4802 | D:5      | Found a glowing golden altar of the Shining One.
  4807 | D:5      | Reached skill level 5 in Earth Magic
  4980 | D:5      | Found a staircase to the Ecumenical Temple.
  4995 | Temple   | Entered the Ecumenical Temple
  5335 | D:5      | Found a white marble altar of Elyvilon.
  5382 | D:5      | Found a broken altar of Ashenzari.
  5472 | D:5      | Reached XP level 8. HP: 25/51 MP: 0/14
  5477 | D:5      | Reached skill level 5 in Stealth
  5981 | D:6      | Noticed FreshCat's ghost (amateur GnAM)
  6017 | D:6      | Found Sypreses's Mass Market.
  6171 | D:6      | Found a transporter.
  6677 | D:6      | Found a transporter.
  6708 | D:6      | Noticed a two-headed ogre
  6897 | D:6      | Reached skill level 5 in Spellcasting
  7146 | D:7      | Found Ahuyci's Book Shoppe.
  7151 | D:7      | Reached skill level 6 in Earth Magic
  7307 | D:7      | Noticed a hornet
  7310 | D:7      | Paralysed by a hornet for 2 turns
  7313 | D:7      | Killed a hornet
  7314 | D:7      | Reached skill level 5 in Conjurations
  7314 | D:7      | Reached XP level 9. HP: 23/57 MP: 11/17
  7894 | D:7      | Noticed a two-headed ogre
  7901 | D:7      | Killed a two-headed ogre
  8259 | D:7      | Found a shimmering blue altar of Sif Muna.
  8276 | D:7      | Got Sif Muna's Volume of Earth
  8431 | D:7      | Noticed a two-headed ogre
  8437 | D:7      | Killed a two-headed ogre
  8438 | D:7      | Reached skill level 7 in Earth Magic
  8438 | D:7      | Reached XP level 10. HP: 39/65 MP: 9/19
  8665 | D:7      | Reached skill level 5 in Dodging
  8762 | D:8      | Noticed Grum
  8764 | D:8      | Noticed Psyche
  8894 | D:8      | Noticed a manticore
  8898 | D:8      | Killed a manticore
  8952 | D:8      | Got the Incunabulum of Conjuration and the Glacier
  9082 | D:8      | Killed Grum
  9201 | D:8      | Killed Psyche
  9514 | D:8      | Noticed a centaur warrior
  9528 | D:8      | Killed a centaur warrior
  9529 | D:8      | Reached skill level 5 in Fighting
  9529 | D:8      | Reached skill level 8 in Earth Magic
  9885 | D:7      | Bought a book of the Earth for 396 gold pieces
  9892 | D:7      | Learned a level 6 spell: Statue Form
  9898 | D:7      | Learned a level 5 spell: Lee's Rapid Deconstruction
 10211 | D:8      | Noticed Maurice
 10220 | D:8      | Killed Maurice
 11160 | D:9      | Reached XP level 11. HP: 71/71 MP: 22/22
 11703 | D:9      | Found a burning altar of Makhleb.
 11707 | D:9      | Found a glowing silver altar of Zin.
 11707 | D:9      | Noticed an angel
 11707 | D:9      | Noticed a balrug
 11778 | D:9      | Reached skill level 9 in Earth Magic
 12052 | D:9      | Found a staircase to the Orcish Mines.
 12575 | D:10     | Entered Level 10 of the Dungeon
 12626 | D:10     | Identified the +2 whip "Gimeept" {vorpal, rN+ MP+9}
 12663 | D:10     | Found a shimmering altar of Xom.
 12691 | D:10     | Reached skill level 5 in Transmutations
 13565 | D:10     | Noticed a two-headed ogre
 13674 | D:10     | Killed a two-headed ogre
 14132 | D:10     | Found a staircase to the Lair.
 14274 | Lair:1   | Entered Level 1 of the Lair of Beasts
 14489 | Lair:1   | Reached skill level 10 in Earth Magic
 14790 | Lair:1   | Reached XP level 12. HP: 77/77 MP: 12/25
 14949 | Lair:1   | Noticed a seven-headed hydra
 14951 | Lair:1   | Killed a seven-headed hydra
 17264 | Lair:2   | Noticed a catoblepas
 17274 | Lair:2   | Killed a catoblepas
 17495 | Lair:2   | Reached skill level 11 in Earth Magic
 17706 | Lair:1   | Reached skill level 10 in Spellcasting
 17785 | Lair:2   | Noticed Gastronok
 17792 | Lair:2   | Killed Gastronok
 18118 | Lair:2   | Noticed a four-headed hydra
 18137 | Lair:2   | Killed a four-headed hydra
 18308 | Lair:2   | You fall into a shaft and drop 2 floors!
 18318 | Lair:4   | Found a staircase to the Shoals.
 18621 | Lair:2   | Reached XP level 13. HP: 82/82 MP: 24/27
 19467 | Lair:3   | Found a staircase to the Snake Pit.
 19757 | Lair:3   | Found a transporter.
 19758 | Lair:3   | Noticed Fuxod's ghost (journeyman GnWn)
 19771 | Lair:3   | Found a transporter.
 21982 | Lair:5   | Noticed Sonja
 21986 | Lair:5   | Killed Sonja
 22169 | Lair:5   | Reached skill level 12 in Earth Magic
 22767 | Lair:5   | Reached XP level 14. HP: 45/90 MP: 8/29
 23771 | Lair:5   | Reached skill level 10 in Stealth
 24038 | Lair:6   | Entered Level 6 of the Lair of Beasts
 24038 | Lair:6   | Found a frozen archway.
 24152 | IceCv    | Entered an ice cave
 24725 | IceCv    | Got the Catalogue of Shifting Orientation
 24729 | IceCv    | Learned a level 2 spell: Blink
 25542 | IceCv    | Noticed a frost giant
 25554 | IceCv    | Killed from afar by a frost giant

Illustrated notes

Levels and vault maps discovered:
D:1:      lightli_arrival_noodles, layout_basic
D:2:      layout_loops_ring, minivault_5, uniq_jessica
D:3:      layout_basic, shapermc_ecumenical_altar_pompeii, ebering_ghost_gozag,
          chequers_avenue, minmay_bisected
D:4:      layout_rooms, supply_closet_lemuel
D:5:      layout_cave_pools, lemuel_crystal_altar, nicolae_tso_besieged_by_evil,
          elyvilon_altar_1, minmay_temple_entry_glass
D:6:      layout_cave_pools, gammafunk_ghost_stat_death, serial_column_ruins,
          column_ruins_grid_3, column_ruins_corridor_T,
          column_ruins_columns_straight, column_ruins_grid_1,
          column_ruins_grid_2, column_ruins_grid_4,
          hangedman_decor_diamond_cutter, minmay_shop_mass, columned_hall_lemuel
D:7:      layout_basic, led_sif_book, serial_shops, nicolae_stop_n_shop_2,
          kennysheep_small_square
D:8:      layout_layer_cave, uniq_maurice, uniq_psyche, uniq_grum
D:9:      layout_rooms, grunt_temple_overflow_order_and_chaos_2,
          david_orc_1_choice
D:10:     layout_rooms, kennysheep_little_box, grunt_lair_entry_orc_guard_hut
Temple:   regret_index_temple_waves
Lair:1:   layout_cave_pods
Lair:2:   layout_cave_pods, serial_bayou_shore_b, lemuel_fruit_fields,
          serial_bayou_shore_a, uniq_gastronok
Lair:3:   cheibrodos_magma_flow, layout_cave_pods,
          minmay_snake_entry_six_corridors, gammafunk_ghost_berserking_beasts,
          lemuel_fruit_fields
Lair:4:   layout_misc_corridors, shoals_dummy_entry
Lair:5:   cheibrodos_lair_overgrown_chateau, layout_cave_pods, uniq_sonja
Lair:6:   due_jungle_book, layout_regular_city, dpeg_slime_entry_enclosed_altar,
          portal_ice_cave_entry_imps, infiniplex_staircase_pool_2
IceCv:    ice_cave_caverns_03

Skill      XL: |  1  2  3  4  5  6  7  8  9 10 11 12 13 14 |
---------------+-------------------------------------------+-----
Stealth        | 3 4 6 7 8 9 10 | 10.4
Fighting       | 1 2 3 4 5 6 |  6.9
Conjurations   | 1 2 3 5 6 7 9 |  9.8
Spellcasting   | 3 4 5 6 7 9 10 11 | 11.4
Earth Magic    | 4 5 6 7 8 10 11 12 | 12.6
Dodging        | 3 4 5 6 7 |  7.3
Transmutations | 3 6 8 9 |  9.8

Action                   |  1- 3 |  4- 6 |  7- 9 | 10-12 | 13-15 || total
-------------------------+-------+-------+-------+-------+-------++-------
Melee: Short sword       |     6 |       |       |       |       ||     6
       Tentacles         |     2 |     3 |     6 |    13 |    53 ||    77
       Constrict         |     1 |     2 |    10 |     3 |    10 ||    26
       Dagger            |     1 |       |       |       |       ||     1
       Mace              |       |    19 |    23 |     3 |   128 ||   173
       Staff             |       |       |       |    37 |    54 ||    91
       Punch             |       |       |       |       |     4 ||     4
 Fire: Hunting sling     |       |    21 |       |       |       ||    21
 Cast: Sandblast         |    22 |    12 |    34 |    95 |    96 ||   259
       Stone Arrow       |       |    25 |    76 |    90 |   106 ||   297
       Mephitic Cloud    |       |       |     1 |       |       ||     1
       Lee's Rapid Decon |       |       |       |   110 |    55 ||   165
       Statue Form       |       |       |       |    10 |    75 ||    85
       Blink             |       |       |       |       |     1 ||     1
Evoke: Wand              |       |       |       |       |     3 ||     3
  Use: Scroll            |       |     6 |     8 |    11 |     1 ||    26
       Potion            |       |       |     2 |       |     1 ||     3
 Stab: Sleeping          |     5 |     2 |       |       |       ||     7
       Distracted        |       |       |     1 |       |       ||     1
Armor: Skin              |     1 |     1 |     6 |    42 |   285 ||   335
Dodge: Dodged            |     5 |     8 |    39 |   177 |   552 ||   781
Block: Other             |       |       |       |    42 |   137 ||   179
       Reflection        |       |       |       |       |     1 ||     1
